 Dungeon Crawl Stone Soup version 0.29.1 (webtiles) character file.

Game seed: 7633451048751787842

92603 qw the Severer (level 15, -1/139 HPs)
             Began as a Minotaur Berserker on Sept 13, 2022.
             Was an Elder of Trog.
             Slain by an orc knight
             ... wielding a +0 dire flail
              (8 damage)
             ... on level 2 of the Orcish Mines.
             The game lasted 00:08:26 (26076 turns).

qw the Severer (Minotaur Berserker)                Turns: 26076, Time: 00:08:27

Health: -1/139     AC: 26    Str: 28    XL:     15   Next: 58%
Magic:  14/14      EV:  9    Int:  7    God:    Trog [****..]
Gold:   1934       SH: 19    Dex: 11    Spells: 14/14 levels left

rFire   + . .      SeeInvis .   Y - +4 broad axe (flame)
rCold   + . .      Faith    .   q - +0 tower shield
rNeg    . . .      Spirit   .   s - +0 plate armour
rPois   +          Reflect  .   g - +2 hat {Int+3}
rElec   .          Harm     .   l - scarf {rC+ rF+}
rCorr   .          Rampage  .   c - +1 pair of gloves
Will    +....                   p - +0 pair of boots
Stlth   ..........              m - amulet of regeneration
HPRegen 1.13/turn               b - ring of poison resistance
MPRegen 0.14/turn               t - +4 ring of protection

@: on berserk cooldown, slowed, very slow
A: horns 2, retaliatory headbutt, sturdy frame 1
a: Renounce Religion, Berserk, Trog's Hand, Brothers in Arms


You were on level 2 of the Orcish Mines.
You worshipped Trog.
Trog was greatly pleased with you.
You visited 3 branches of the dungeon, and saw 22 of its levels.
You also visited: Gauntlet.

You collected 1983 gold pieces.
You spent 49 gold pieces at shops.


Innate Abilities, Weirdness & Mutations

You have a pair of horns on your head.
You reflexively headbutt those who attack you in melee.
Your movements are slightly less encumbered by armour. (ER -2)


   Skills:
 + Level 14.7 Fighting
 - Level 18.0 Axes
 - Level 7.0 Throwing
 - Level 13.0 Armour
 - Level 6.0 Dodging
 - Level 18.0 Shields


You had 14 spell levels left.
You didn't know any spells.
Your spell library was empty.

Inventory:

Hand Weapons
 Y - a +4 broad axe of flaming (weapon)
Missiles
 o - 2 silver boomerangs (quivered)
Armour
 c - a +1 pair of gloves (worn)
 g - a +2 hat of intelligence (worn)
 l - a scarf of resistance (worn)
 n - a +1 cloak
 p - a +0 pair of boots (worn)
 q - a +0 tower shield (worn)
 s - a +0 plate armour (worn)
Jewellery
 b - a ring of poison resistance (left hand)
 e - a ring of fire
 m - an amulet of regeneration (around neck)
 t - a +4 ring of protection (right hand)
Wands
 f - a wand of digging (4)
Scrolls
 d - 13 scrolls of identify
 u - 10 scrolls of teleportation
Potions
 a - 4 potions of mutation
 h - 2 potions of might
 i - a potion of cancellation
 j - 6 potions of haste
 k - 9 potions of curing
 v - 2 potions of heal wounds

Dungeon Overview and Level Annotations

Branches:
Dungeon (15/15)            Temple (0/1) D:5            Lair (5/5) D:9
  Swamp (0/4) Lair:3        Snake (0/4) Lair:2        Slime (0/5) Lair:4
    Orc (2/2) D:11            Elf (0/3) Orc:2        Vaults (0/5) D:14
 Depths (0/4) D:15        Gauntlet (visited)

Altars:
Fedhas
Makhleb
Nemelex Xobeh
Qazlal
Sif Muna
Trog
Vehumet
Xom
The Shining One
Jiyva

Shops:
D:9 [   D:10 (

Annotations:
D:5 1 runed translucent door, Crazy Yiuf
D:10 2 transporters, qw's ghost, novice GrFi
D:12 2 transporters, qw's ghost, journeyman MiBe
D:13 3 runed translucent doors, OceanMan's ghost, journeyman MiFi
D:14 3 runed translucent doors, Opnastoc's ghost, journeyman MiBe
Lair:4 2 transporters, qw's ghost, journeyman TrCA


Message History

You block the orc knight's attack.
Your ogre rages.
You slice the orc knight!! You burn the orc knight.
The orc knight is almost dead.
You barely miss the orc priest. You completely miss the orc knight.
You closely miss the orc priest.
Your ogre hits the orc priest with a +0 giant club!!!
The orc priest dies!
Trog accepts your kill.
The orc knight roars a battlecry!
The orcs go into a battle-frenzy!
The orc knight hits you with a +0 long sword!!
The orc warrior unwields a +0 mace.
The orc warrior wields a +2 arbalest of freezing.
It is covered in frost.
The orc warrior shoots a bolt.
The bolt hits you but does no damage. You block the orc priest's attack.
You block the orc knight's attack.
Your ogre hits the orc priest with a +0 giant club!!!
The orc priest dies!
Trog accepts your kill.
You slash the orc knight! You burn the orc knight.
You kill the orc knight!
Trog accepts your kill.
You closely miss the orc knight. You slash the sun demon!
The sun demon completely misses you.
Your ogre rages.
You block the sun demon's attack.
The orc knight hits your ogre with a +0 dire flail!!
You slice the sun demon!! You headbutt the sun demon.
The sun demon is severely wounded.
You slice the orc high priest!! You burn the orc high priest!
You hit the orc knight but do no damage.
You slash the orc knight! You burn the orc knight.
Your ogre hits the orc knight with a +0 giant club!!!
You block the sun demon's attack.
The orc knight hits you with a +0 long sword!!!
The orc high priest calls upon Beogh to heal the orc knight.
The orc knight is healed somewhat.
The orc knight hits you with a +0 dire flail!
You die...

..## #.....$.........
.....## #...............
.......##...............
........#..)......$.....
#.#.#.#.#.$.............
.....o.............))...
.....ooo).........)>....
....oo3@O..........)....
#.#.#3#o#))))....)......
...3o#.)))...........
......##..))..........$
.....## #............$..
...## #...........#...
## #...............
###......$...$..
#...............


You could see 2 orc knights, a soul eater (summoned), an orc high priest
(strong), a sun demon (summoned), a sixfirhy (summoned), 2 orc warriors, 3 orcs
and a friendly ogre (summoned, berserk).

Vanquished Creatures
  An orc warlord (Orc:1)
  A stone giant (D:15)
  A minotaur (Gauntlet)
  Snorg (D:11)
  Josephine (D:14)
  4 vault guards (D:14)
  A boulder beetle (D:14)
  7 hydras
  A catoblepas (Lair:2)
  3 tengu warriors (D:15)
  An ogre mage (D:14)
  A death yak (Lair:4)
  5 two-headed ogres
  2 centaur warriors (D:13)
  A death scarab (Gauntlet)
  Urug (Lair:1)
  Amaemon (D:8)
  2 wizards
  4 orc knights
  An orange crystal statue (Gauntlet)
  A deep elf pyromancer (D:12)
  An oklob plant (Lair:5)
  Pikel (D:5)
  2 orc sorcerers
  A wolf spider (Lair:5)
  5 cyclopes
  5 ugly things
  2 manticores
  13 elephants
  13 black mambas
  Joseph (D:14)
  3 gargoyles
  A torpor snail (Lair:4)
  A guardian serpent (Lair:5)
  An orange demon (D:8)
  11 cane toads
  2 unseen horrors
  2 freezing wraiths (D:14)
  A kobold demonologist (D:9)
  8 rime drakes
  A tengu conjurer (D:15)
  8 komodo dragons
  9 trolls
  4 polar bears
  3 hornets
  7 slime creatures
  A wolf spider simulacrum (D:14)
  8 blink frogs
  Prince Ribbit (D:8)
  A centaur simulacrum (D:11)
  Sigmund (D:5)
  A ynoxinul (Gauntlet)
  A vampire (D:12)
  24 yaks
  16 wyverns
  2 humans (D:14)
  5 wraiths
  A basilisk (Lair:2)
  4 steam dragons
  A redback (Lair:5)
  A warg (Orc:2)
  A spectral cane toad (Gauntlet)
  11 vampire mosquitoes
  2 nagas (Lair:2)
  Edmund (D:5)
  2 acid dragons
  23 water moccasins
  Duvessa (D:5)
  A sky beast (D:8)
  2 ice beasts
  5 black bears
  13 orc warriors
  26 wolves
  5 ogres
  12 centaurs
  4 lemures
  3 kobold brigands
  12 bullfrogs
  A necrophage (D:6)
  3 scorpions
  4 gnoll sergeants
  13 wights
  Dowan (D:5)
  8 killer bees
  3 electric eels (Lair:5)
  8 howler monkeys
  5 jellies
  22 orc priests
  2 gnoll boudas (D:7)
  4 iron imps (Gauntlet)
  5 iguanas
  9 orc wizards
  29 gnolls
  12 adders
  A shadow imp (D:7)
  5 white imps
  2 worms
  3 dart slugs
  49 orcs
  4 endoplasms
  A giant cockroach (D:1)
  10 goblins
  7 hobgoblins
  9 jackals
  19 kobolds
  5 quokkas
  12 ball pythons
  5 bats
  7 frilled lizards
  7 rats
614 creatures vanquished.

Vanquished Creatures (collateral kills)
  An ettin (Orc:2)
  A boulder beetle (D:12)
  2 elephants (Lair:5)
  A basilisk (Lair:5)
  A redback (Lair:5)
  An orc warrior (Orc:1)
  An ogre (Orc:2)
  2 orc priests (Orc:2)
  An orc wizard (Orc:1)
11 creatures vanquished.

Vanquished Creatures (others)
  43 fungi
  110 plants
  4 withered plants (Gauntlet)
157 creatures vanquished.

Grand Total: 782 creatures vanquished

Notes
Turn   | Place    | Note
-------+----------+-------------------------------------------
     0 | D:1      | qw the Minotaur Berserker began the quest for the Orb.
     0 | D:1      | Reached XP level 1. HP: 19/19 MP: 0/0
     0 | D:1      | 0 ||| qw: Version: 0.1-a-119-g272c26d
     0 | D:1      | 0 ||| qw: Game counter: 11265
     0 | D:1      | 0 ||| qw: Always use a shield: true
     0 | D:1      | 0 ||| qw: Do Orc after D:15 true
     0 | D:1      | 0 ||| qw: Do second Lair branch before Depths: true
     0 | D:1      | 0 ||| qw: Lair rune preference: random
     0 | D:1      | 0 ||| qw: Plans: Normal
     0 | D:1      | 0 ||| PLANNING D:1-11
   358 | D:1      | Reached XP level 2. HP: 26/26 MP: 1/1
   428 | D:1      | 428 ||| Stepping ~*~*~tactically~*~*~ (stealth).
   438 | D:1      | 438 ||| Stepping ~*~*~tactically~*~*~ (stealth).
   443 | D:1      | 443 ||| Stepping ~*~*~tactically~*~*~ (stealth).
   449 | D:1      | 449 ||| Stepping ~*~*~tactically~*~*~ (stealth).
   452 | D:1      | 452 ||| Stepping ~*~*~tactically~*~*~ (stealth).
   461 | D:1      | 461 ||| Stepping ~*~*~tactically~*~*~ (stealth).
   791 | D:1      | 791 ||| DROPPING +0 club.
   937 | D:1      | 937 ||| Stepping ~*~*~tactically~*~*~ (hiding).
  1040 | D:1      | 1040 ||| Stepping ~*~*~tactically~*~*~ (hiding).
  1145 | D:1      | Reached XP level 3. HP: 28/31 MP: 2/2
  1248 | D:1      | 1248 ||| UPGRADING to +0 chain mail.
  1258 | D:1      | 1258 ||| DROPPING +0 animal skin.
  1259 | D:1      | 1259 ||| READING scroll labelled ETHOCR XUDIFUZ.
  1260 | D:1      | 1260 ||| READING 2 scrolls labelled UNUMAN XEUCZI.
  1261 | D:1      | 1261 ||| READING scroll labelled YJOILEOPPU.
  1262 | D:1      | 1262 ||| READING scroll labelled OFRYIMMUYXT.
  1263 | D:1      | 1263 ||| READING scroll labelled HAACOR EMORCH.
  1264 | D:1      | 1264 ||| READING scroll labelled RIAQUS INLOEXKO.
  1265 | D:1      | 1265 ||| Stepping randomly (stuck).
  1266 | D:1      | 1266 ||| Stepping ~*~*~tactically~*~*~ (cloud).
  1276 | D:1      | HP: 7/31 [poisoned by you (poison gas)]
  1544 | D:2      | 1544 ||| Stepping ~*~*~tactically~*~*~ (stealth).
  1545 | D:2      | 1545 ||| Stepping ~*~*~tactically~*~*~ (stealth).
  1547 | D:2      | 1547 ||| Stepping ~*~*~tactically~*~*~ (stealth).
  1549 | D:2      | 1549 ||| Stepping ~*~*~tactically~*~*~ (stealth).
  1554 | D:2      | 1554 ||| Stepping ~*~*~tactically~*~*~ (hiding).
  1555 | D:2      | Reached ** piety under Trog
  1662 | D:2      | 1662 ||| Stepping ~*~*~tactically~*~*~ (stealth).
  1731 | D:2      | Reached skill level 6 in Axes
  1731 | D:2      | Reached XP level 4. HP: 39/39 MP: 3/3
  1900 | D:2      | 1900 ||| DROPPING +0 mace.
  1928 | D:2      | 1928 ||| Stepping ~*~*~tactically~*~*~ (stealth).
  1997 | D:2      | 1997 ||| Stepping ~*~*~tactically~*~*~ (stealth).
  2314 | D:2      | 2314 ||| UPGRADING to ring of poison resistance.
  2315 | D:2      | 2315 ||| READING scroll labelled HIBADU GEXASEULUW.
  2318 | D:2      | 2318 ||| READING scroll labelled DAOLEO WIDI.
  2408 | D:3      | 2408 ||| Stepping ~*~*~tactically~*~*~ (hiding).
  2693 | D:3      | Reached XP level 5. HP: 45/45 MP: 4/4
  3030 | D:3      | 3030 ||| READING scroll labelled HUINOAF UPUWU.
  3031 | D:3      | 3031 ||| DRINKING 2 lumpy pink potions.
  3031 | D:3      | Gained mutation: Your movements are slightly less
                  | encumbered by armour. (ER -2) [potion of mutation]
  3032 | D:3      | 3032 ||| READING 3 scrolls of identify.
  3032 | D:3      | 3032 ||| IDENTIFYING fuming puce potion
  3033 | D:3      | 3033 ||| READING 2 scrolls of identify.
  3033 | D:3      | 3033 ||| IDENTIFYING viscous emerald potion
  3061 | D:4      | Reached skill level 1 in Throwing
  3080 | D:4      | Found a sparkling altar of Nemelex Xobeh.
  3138 | D:4      | 3138 ||| Stepping ~*~*~tactically~*~*~ (stealth).
  3139 | D:4      | 3139 ||| Stepping ~*~*~tactically~*~*~ (stealth).
  3181 | D:4      | Reached *** piety under Trog
  3343 | D:4      | Reached XP level 6. HP: 50/52 MP: 5/5
  3396 | D:4      | Found a burning altar of Makhleb.
  3396 | D:4      | Found a stormy altar of Qazlal.
  3402 | D:4      | Found a shimmering blue altar of Sif Muna.
  3433 | D:4      | 3433 ||| INVOKING Berserk.
  3664 | D:4      | 3664 ||| Stepping ~*~*~tactically~*~*~ (hiding).
  3669 | D:4      | 3669 ||| INVOKING Berserk.
  3787 | D:4      | 3787 ||| INVOKING Berserk.
  3791 | D:4      | Reached skill level 9 in Axes
  3943 | D:4      | 3943 ||| INVOKING Berserk.
  3948 | D:4      | Reached XP level 7. HP: 61/61 MP: 6/6
  4124 | D:5      | Entered Level 5 of the Dungeon
  4124 | D:5      | Noticed Pikel
  4126 | D:5      | 4126 ||| STAIRDANCE
  4206 | D:5      | 4206 ||| STAIRDANCE
  4251 | D:5      | 4251 ||| INVOKING Berserk.
  4260 | D:5      | Killed Pikel
  4261 | D:5      | Reached skill level 6 in Armour
  4261 | D:5      | Reached XP level 8. HP: 68/68 MP: 7/7
  4261 | D:5      | 4261 ||| STAIRDANCE
  4399 | D:5      | 4399 ||| INVOKING Berserk.
  4401 | D:5      | Noticed Edmund
  4410 | D:5      | Killed Edmund
  4540 | D:5      | Found a staircase to the Ecumenical Temple.
  4659 | D:5      | Noticed Sigmund
  4660 | D:5      | 4660 ||| Stepping ~*~*~tactically~*~*~ (hiding).
  4661 | D:5      | 4661 ||| Stepping ~*~*~tactically~*~*~ (hiding).
  4664 | D:5      | 4664 ||| INVOKING Berserk.
  4669 | D:5      | Killed Sigmund
  4670 | D:5      | Reached skill level 3 in Throwing
  4824 | D:5      | Found a runed translucent door.
  4825 | D:5      | Noticed Crazy Yiuf
  4871 | D:5      | Noticed Dowan
  4872 | D:5      | 4872 ||| Stepping ~*~*~tactically~*~*~ (hiding).
  4882 | D:5      | 4882 ||| INVOKING Berserk.
  4886 | D:5      | Killed Dowan
  4888 | D:5      | Noticed Duvessa
  4900 | D:5      | HP: 16/69 [Duvessa/+0 short sword (5)]
  4901 | D:5      | 4901 ||| READING 2 scrolls of teleportation.
  4902 | D:5      | 4902 ||| DRINKING potion of heal wounds.
  5108 | D:5      | 5108 ||| INVOKING Berserk.
  5112 | D:5      | Killed Duvessa
  5113 | D:5      | Reached skill level 6 in Fighting
  5363 | D:5      | 5363 ||| Stepping ~*~*~tactically~*~*~ (hiding).
  5566 | D:5      | 5566 ||| DRINKING 3 clear potions.
  5567 | D:5      | 5567 ||| DROPPING 2 potions of degeneration.
  5960 | D:6      | 5960 ||| INVOKING Berserk.
  6072 | D:6      | Identified the +8 trident "Kiskuw" {antimagic, Fly rElec
                  | rF+ Dex+3}
  6116 | D:6      | 6116 ||| Stepping ~*~*~tactically~*~*~ (hiding).
  6118 | D:6      | 6118 ||| INVOKING Berserk.
  6123 | D:6      | Reached XP level 9. HP: 77/77 MP: 8/8
  6198 | D:6      | 6198 ||| Stepping ~*~*~tactically~*~*~ (stealth).
  6218 | D:6      | 6218 ||| Stepping ~*~*~tactically~*~*~ (hiding).
  6224 | D:6      | 6224 ||| FLEEEEING.
  6225 | D:6      | 6225 ||| FLEEEEING.
  6227 | D:6      | 6227 ||| FLEEEEING.
  6228 | D:6      | 6228 ||| FLEEEEING.
  6229 | D:6      | 6229 ||| FLEEEEING.
  6230 | D:6      | 6230 ||| FLEEEEING.
  6231 | D:6      | 6231 ||| FLEEEEING.
  6335 | D:6      | Reached skill level 12 in Axes
  6378 | D:6      | Identified the +5 falchion "Haaneliq" {spect, rF+ Dex+5
                  | SInv}
  6521 | D:6      | Found a blossoming altar of Fedhas.
  6682 | D:6      | 6682 ||| INVOKING Berserk.
  6823 | D:6      | 6823 ||| Stepping ~*~*~tactically~*~*~ (hiding).
  6830 | D:6      | 6830 ||| Stepping ~*~*~tactically~*~*~ (hiding).
  7018 | D:6      | 7018 ||| DROPPING +2 whip of flaming.
  7023 | D:6      | 7023 ||| UPGRADING to +0 kite shield.
  7028 | D:6      | 7028 ||| DRINKING 2 lumpy orange potions.
  7040 | D:7      | 7040 ||| INVOKING Berserk.
  7052 | D:7      | 7052 ||| Stepping randomly (cloudy).
  7053 | D:7      | 7053 ||| STAIRDANCE
  7182 | D:7      | 7182 ||| STAIRDANCE
  7195 | D:7      | 7195 ||| STAIRDANCE
  7201 | D:6      | Reached skill level 3 in Shields
  7203 | D:7      | 7203 ||| STAIRDANCE
  7222 | D:7      | 7222 ||| STAIRDANCE
  7248 | D:7      | 7248 ||| STAIRDANCE
  7270 | D:7      | 7270 ||| INVOKING Berserk.
  7284 | D:7      | 7284 ||| FLEEEEING.
  7300 | D:7      | 7300 ||| FLEEEEING.
  7303 | D:7      | 7303 ||| STAIRDANCE
  7350 | D:7      | 7350 ||| Stepping ~*~*~tactically~*~*~ (stealth).
  7358 | D:7      | 7358 ||| Stepping ~*~*~tactically~*~*~ (hiding).
  7428 | D:7      | Noticed a manticore
  7431 | D:7      | 7431 ||| INVOKING Berserk.
  7434 | D:7      | Reached skill level 6 in Shields
  7439 | D:7      | Killed a manticore
  7457 | D:7      | HP: 17/79 [gnoll/+0 spear[a gnoll bouda] (3)]
  7458 | D:7      | 7458 ||| READING scroll of teleportation.
  7460 | D:7      | HP: 7/79 [gnoll bouda/+0 club (7)]
  7785 | D:7      | Noticed a komodo dragon
  7791 | D:7      | 7791 ||| INVOKING Berserk.
  7800 | D:7      | Killed a komodo dragon
  7801 | D:7      | Reached XP level 10. HP: 86/86 MP: 9/9
  7971 | D:7      | Reached **** piety under Trog
  7972 | D:7      | 7972 ||| FLEEEEING.
  7973 | D:7      | 7973 ||| FLEEEEING.
  7974 | D:7      | 7974 ||| FLEEEEING.
  8032 | D:7      | 8032 ||| FLEEEEING.
  8033 | D:7      | 8033 ||| FLEEEEING.
  8034 | D:7      | 8034 ||| FLEEEEING.
  8035 | D:7      | 8035 ||| FLEEEEING.
  8036 | D:7      | 8036 ||| FLEEEEING.
  8037 | D:7      | 8037 ||| FLEEEEING.
  8038 | D:7      | 8038 ||| FLEEEEING.
  8039 | D:7      | 8039 ||| FLEEEEING.
  8049 | D:7      | 8049 ||| STAIRDANCE
  8166 | D:6      | 8166 ||| UPGRADING to amulet of regeneration.
  8171 | D:6      | 8171 ||| READING scroll labelled GARARI WOYWAI.
  8247 | D:7      | Reached skill level 9 in Shields
  8331 | D:7      | You fall into a shaft and drop 3 floors!
  8331 | D:10     | Entered Level 10 of the Dungeon
  8349 | D:10     | 8349 ||| UPGRADING to +6 ring of intelligence.
  8350 | D:10     | 8350 ||| READING scroll labelled LUSSOL SITA.
  8351 | D:10     | 8351 ||| READING scroll labelled WUEFEA WUMEOVO.
  8351 | D:10     | Identified a scroll of acquirement
  8351 | D:10     | 8351 ||| ACQUIRING +2 broad axe of flaming
  8351 | D:10     | Acquired a +2 broad axe of flaming
  8353 | D:10     | 8353 ||| SWAPPING to +2 broad axe of flaming.
  8354 | D:10     | 8354 ||| DROPPING +0 flail.
  8355 | D:10     | 8355 ||| DROPPING +1 hand axe.
  8493 | D:9      | 8493 ||| Stepping ~*~*~tactically~*~*~ (stealth).
  8619 | D:7      | 8619 ||| Stepping ~*~*~tactically~*~*~ (hiding).
  8746 | D:7      | 8746 ||| INVOKING Berserk.
  8955 | D:7      | 8955 ||| READING 2 scrolls of identify.
  8955 | D:7      | 8955 ||| IDENTIFYING golden potion
  9010 | D:8      | 9010 ||| Stepping ~*~*~tactically~*~*~ (hiding).
  9015 | D:8      | 9015 ||| INVOKING Berserk.
  9018 | D:8      | Reached skill level 3 in Dodging
  9299 | D:8      | 9299 ||| INVOKING Berserk.
  9515 | D:8      | Noticed Amaemon
  9515 | D:8      | Noticed an orange demon
  9516 | D:8      | 9516 ||| Stepping ~*~*~tactically~*~*~ (hiding).
  9521 | D:8      | 9521 ||| INVOKING Berserk.
  9525 | D:8      | Killed Amaemon
  9533 | D:8      | Noticed Prince Ribbit
  9540 | D:8      | Killed an orange demon
  9543 | D:8      | 9543 ||| Stepping ~*~*~tactically~*~*~ (stealth).
  9548 | D:8      | Killed Prince Ribbit
  9563 | D:8      | 9563 ||| Stepping ~*~*~tactically~*~*~ (stealth).
  9807 | D:8      | 9807 ||| Stepping ~*~*~tactically~*~*~ (stealth).
  9810 | D:8      | 9810 ||| Stepping ~*~*~tactically~*~*~ (hiding).
  9812 | D:8      | 9812 ||| INVOKING Berserk.
 10080 | D:8      | 10080 ||| UPGRADING to +0 plate armour.
 10090 | D:8      | 10090 ||| DROPPING +0 chain mail.
 10091 | D:8      | 10091 ||| DROPPING amulet of magic regeneration.
 10092 | D:8      | 10092 ||| READING scroll labelled GYIMUE LOSTRICI.
 10093 | D:8      | 10093 ||| READING scroll labelled VEUTEN SUEL.
 10094 | D:8      | 10094 ||| DRINKING 2 ruby potions.
 10095 | D:8      | 10095 ||| DROPPING potion of flight.
 10132 | D:9      | Reached XP level 11. HP: 93/94 MP: 10/10
 10210 | D:9      | 10210 ||| Stepping ~*~*~tactically~*~*~ (stealth).
 10214 | D:9      | 10214 ||| Stepping ~*~*~tactically~*~*~ (stealth).
 10342 | D:9      | Identified the +3 trident of Defenestration {pain, rF++
                  | rN+}
 10373 | D:9      | Found Goetsi's Armour Boutique.
 10377 | D:9      | 10377 ||| READING scroll of enchant weapon.
 10377 | D:9      | 10377 ||| ENCHANTING +2 broad axe of flaming.
 10384 | D:9      | 10384 ||| BUYING +0 pair of gloves (49 gold).
 10384 | D:9      | Bought a +0 pair of gloves for 49 gold pieces
 10516 | D:9      | 10516 ||| INVOKING Berserk.
 10712 | D:9      | Found a staircase to the Lair.
 10779 | D:9      | 10779 ||| PLANNING LAIR
 10779 | D:9      | 10779 ||| UPGRADING to +0 pair of gloves.
 10784 | D:9      | 10784 ||| READING 2 scrolls of identify.
 10784 | D:9      | 10784 ||| IDENTIFYING smoky silvery potion
 10785 | D:9      | 10785 ||| DROPPING potion of brilliance.
 10846 | Lair:1   | Entered Level 1 of the Lair of Beasts
 10849 | Lair:1   | 10849 ||| INVOKING Berserk.
 10864 | Lair:1   | 10864 ||| Stepping ~*~*~tactically~*~*~ (stealth).
 10865 | Lair:1   | 10865 ||| Stepping ~*~*~tactically~*~*~ (stealth).
 10917 | Lair:1   | 10917 ||| Stepping ~*~*~tactically~*~*~ (stealth).
 10923 | Lair:1   | 10923 ||| Stepping ~*~*~tactically~*~*~ (stealth).
 10927 | Lair:1   | 10927 ||| INVOKING Berserk.
 10930 | Lair:1   | Reached skill level 15 in Axes
 10937 | Lair:1   | Reached skill level 9 in Fighting
 11071 | Lair:1   | Noticed a four-headed hydra
 11076 | Lair:1   | 11076 ||| INVOKING Berserk.
 11078 | Lair:1   | Killed a two-headed hydra
 11235 | Lair:1   | 11235 ||| INVOKING Berserk.
 11380 | Lair:1   | 11380 ||| INVOKING Berserk.
 11589 | Lair:1   | 11589 ||| INVOKING Berserk.
 11753 | Lair:1   | Noticed a six-headed hydra
 11756 | Lair:1   | 11756 ||| INVOKING Berserk.
 11758 | Lair:1   | Killed a four-headed hydra
 11763 | Lair:1   | Noticed Urug
 11773 | Lair:1   | Killed Urug
 11938 | Lair:1   | Found a stormy altar of Qazlal.
 12217 | Lair:1   | 12217 ||| UPGRADING to +0 tower shield.
 12227 | Lair:1   | 12227 ||| DROPPING +0 kite shield.
 12228 | Lair:1   | 12228 ||| DROPPING amulet of guardian spirit.
 12229 | Lair:1   | 12229 ||| READING 5 scrolls of identify.
 12229 | Lair:1   | 12229 ||| IDENTIFYING pink potion
 12230 | Lair:1   | 12230 ||| READING 4 scrolls of identify.
 12230 | Lair:1   | 12230 ||| IDENTIFYING red potion
 12231 | Lair:1   | 12231 ||| DRINKING potion of experience.
 12231 | Lair:1   | Reached XP level 12. HP: 104/104 MP: 11/11
 12232 | Lair:1   | 12232 ||| READING 3 scrolls of identify.
 12232 | Lair:1   | 12232 ||| IDENTIFYING puce potion
 12233 | Lair:1   | 12233 ||| DROPPING potion of magic.
 12295 | Lair:2   | 12295 ||| INVOKING Berserk.
 12488 | Lair:2   | 12488 ||| INVOKING Berserk.
 12490 | Lair:2   | Reached XP level 13. HP: 111/111 MP: 12/12
 12649 | Lair:2   | 12649 ||| Stepping ~*~*~tactically~*~*~ (cloud).
 12651 | Lair:2   | 12651 ||| INVOKING Berserk.
 12793 | Lair:2   | 12793 ||| Stepping ~*~*~tactically~*~*~ (stealth).
 12794 | Lair:2   | 12794 ||| INVOKING Berserk.
 13025 | Lair:2   | 13025 ||| DRINKING 2 potions of cancellation.
 13133 | Lair:2   | Found a staircase to the Snake Pit.
 13134 | Lair:2   | 13134 ||| Stepping ~*~*~tactically~*~*~ (stealth).
 13136 | Lair:2   | 13136 ||| Stepping ~*~*~tactically~*~*~ (hiding).
 13490 | Lair:2   | 13490 ||| READING 2 scrolls of identify.
 13490 | Lair:2   | 13490 ||| IDENTIFYING glowing pink potion
 13491 | Lair:2   | 13491 ||| DROPPING potion of ambrosia.
 13507 | Lair:3   | 13507 ||| STAIRDANCE
 13578 | Lair:3   | 13578 ||| Stepping ~*~*~tactically~*~*~ (hiding).
 13706 | Lair:3   | Found a glowing golden altar of the Shining One.
 13856 | Lair:3   | 13856 ||| INVOKING Berserk.
 13941 | Lair:3   | 13941 ||| Stepping ~*~*~tactically~*~*~ (stealth).
 13983 | Lair:3   | 13983 ||| INVOKING Berserk.
 14169 | Lair:3   | Reached skill level 15 in Shields
 14170 | Lair:3   | 14170 ||| INVOKING Berserk.
 14318 | Lair:3   | 14318 ||| INVOKING Berserk.
 14380 | Lair:3   | 14380 ||| Stepping ~*~*~tactically~*~*~ (stealth).
 14392 | Lair:3   | Found a staircase to the Swamp.
 14672 | Lair:3   | 14672 ||| READING scroll labelled WUQA WEGOU.
 14673 | Lair:3   | 14673 ||| DRINKING 2 glowing dark potions.
 14674 | Lair:3   | 14674 ||| DROPPING potion of attraction.
 14700 | Lair:4   | 14700 ||| INVOKING Berserk.
 14709 | Lair:4   | 14709 ||| STAIRDANCE
 14813 | Lair:4   | Found a transporter.
 14901 | Lair:4   | 14901 ||| Stepping ~*~*~tactically~*~*~ (stealth).
 14902 | Lair:4   | 14902 ||| Stepping ~*~*~tactically~*~*~ (stealth).
 14905 | Lair:4   | 14905 ||| INVOKING Berserk.
 14960 | Lair:4   | 14960 ||| Stepping ~*~*~tactically~*~*~ (stealth).
 14961 | Lair:4   | 14961 ||| Stepping ~*~*~tactically~*~*~ (stealth).
 14964 | Lair:4   | 14964 ||| Stepping ~*~*~tactically~*~*~ (stealth).
 14995 | Lair:4   | 14995 ||| Stepping ~*~*~tactically~*~*~ (stealth).
 14996 | Lair:4   | 14996 ||| Stepping ~*~*~tactically~*~*~ (stealth).
 15066 | Lair:4   | Found a viscous altar of Jiyva.
 15067 | Lair:4   | Found a staircase to the Slime Pits.
 15077 | Lair:4   | Reached skill level 18 in Axes
 15128 | Lair:4   | 15128 ||| Stepping ~*~*~tactically~*~*~ (stealth).
 15311 | Lair:4   | Noticed qw's ghost (journeyman TrCA)
 15324 | Lair:4   | Found a bloodstained altar of Trog.
 15400 | Lair:4   | 15400 ||| INVOKING Berserk.
 15410 | Lair:4   | Reached skill level 9 in Armour
 15630 | Lair:4   | 15630 ||| Stepping ~*~*~tactically~*~*~ (water).
 15664 | Lair:4   | 15664 ||| INVOKING Berserk.
 15852 | Lair:4   | Found a transporter.
 16090 | Lair:4   | 16090 ||| UPGRADING to +0 cloak.
 16095 | Lair:4   | 16095 ||| UPGRADING to +0 pair of boots.
 16128 | Lair:5   | Entered Level 5 of the Lair of Beasts
 16134 | Lair:5   | 16134 ||| STAIRDANCE
 16140 | Lair:5   | 16140 ||| STAIRDANCE
 16147 | Lair:4   | Reached ***** piety under Trog
 16290 | Lair:5   | 16290 ||| FLEEEEING.
 16291 | Lair:5   | 16291 ||| FLEEEEING.
 16292 | Lair:5   | 16292 ||| FLEEEEING.
 16293 | Lair:5   | 16293 ||| FLEEEEING.
 16294 | Lair:5   | 16294 ||| FLEEEEING.
 16295 | Lair:5   | 16295 ||| FLEEEEING.
 16297 | Lair:5   | 16297 ||| STAIRDANCE
 16475 | Lair:5   | 16475 ||| Stepping ~*~*~tactically~*~*~ (stealth).
 16543 | Lair:5   | 16543 ||| Stepping ~*~*~tactically~*~*~ (stealth).
 16558 | Lair:5   | 16558 ||| INVOKING Berserk.
 16562 | Lair:5   | Reached XP level 14. HP: 124/124 MP: 13/13
 16571 | Lair:5   | Received a gift from Trog
 16593 | Lair:5   | 16593 ||| INVOKING Brothers in Arms.
 16594 | Lair:5   | 16594 ||| INVOKING Brothers in Arms.
 16594 | Lair:5   | HP: 31/124 [redback (1)]
 16595 | Lair:5   | 16595 ||| READING 9 scrolls of teleportation.
 16595 | Lair:5   | HP: 14/124 [poisoned by a redback]
 16596 | Lair:5   | 16596 ||| DRINKING potion of heal wounds.
 16599 | Lair:5   | 16599 ||| READING 8 scrolls of teleportation.
 16600 | Lair:5   | HP: 13/124 [poisoned by a redback]
 16601 | Lair:5   | HP: 6/124 [poisoned by a redback]
 16722 | Lair:5   | 16722 ||| INVOKING Berserk.
 17007 | Lair:5   | Found a blossoming altar of Fedhas.
 17152 | Lair:5   | 17152 ||| INVOKING Brothers in Arms.
 17156 | Lair:5   | 17156 ||| INVOKING Berserk.
 17406 | Lair:5   | 17406 ||| Stepping ~*~*~tactically~*~*~ (stealth).
 17725 | Lair:5   | 17725 ||| PLANNING D:1-11
 17725 | Lair:5   | 17725 ||| READING 7 scrolls of identify.
 17725 | Lair:5   | 17725 ||| IDENTIFYING sedimented red potion
 17726 | Lair:5   | 17726 ||| DROPPING potion of lignification.
 17868 | D:10     | Noticed qw's ghost (novice GrFi)
 17869 | D:10     | Found a transporter.
 17875 | D:10     | 17875 ||| Stepping ~*~*~tactically~*~*~ (hiding).
 17877 | D:10     | 17877 ||| Stepping ~*~*~tactically~*~*~ (hiding).
 17912 | D:10     | Found a transporter.
 17915 | D:10     | 17915 ||| Stepping ~*~*~tactically~*~*~ (stealth).
 18253 | D:10     | Reached skill level 12 in Fighting
 18287 | D:10     | Found Horus's Weapon Boutique.
 18292 | D:10     | 18292 ||| READING scroll of enchant armour.
 18292 | D:10     | 18292 ||| ENCHANTING +0 pair of gloves.
 18603 | D:10     | 18603 ||| UPGRADING to +1 cloak.
 18613 | D:10     | 18613 ||| DROPPING +0 cloak.
 18621 | D:11     | Found a gate leading to a gauntlet.
 18622 | D:11     | 18622 ||| PLANNING GAUNTLET
 18628 | Gauntlet | Entered a Gauntlet
 18628 | Gauntlet | Found a transporter.
 18635 | Gauntlet | Found a transporter.
 18637 | Gauntlet | Found a transporter.
 18650 | Gauntlet | Found a transporter.
 18651 | Gauntlet | Found a transporter.
 18659 | Gauntlet | Found a transporter.
 18675 | Gauntlet | Found a transporter.
 18686 | Gauntlet | Found a transporter.
 18697 | Gauntlet | Found a transporter.
 18714 | Gauntlet | Found a transporter.
 18724 | Gauntlet | Found a runed translucent door.
 18725 | Gauntlet | Found a transporter.
 18725 | Gauntlet | Found a transporter.
 18727 | Gauntlet | Found a runed translucent door.
 18768 | Gauntlet | Found a transporter.
 18787 | Gauntlet | Found a transporter.
 18888 | Gauntlet | 18888 ||| INVOKING Berserk.
 18899 | Gauntlet | Reached skill level 6 in Throwing
 19022 | Gauntlet | 19022 ||| UPGRADING to +2 hat of intelligence.
 19027 | Gauntlet | 19027 ||| REMOVING +6 ring of intelligence.
 19028 | Gauntlet | 19028 ||| DROPPING +6 ring of intelligence.
 19052 | Gauntlet | 19052 ||| Stepping randomly (stuck).
 19070 | Gauntlet | 19070 ||| INVOKING Brothers in Arms.
 19072 | Gauntlet | 19072 ||| INVOKING Berserk.
 19196 | Gauntlet | 19196 ||| UPGRADING to scarf of resistance.
 19233 | Gauntlet | Identified the +10 dagger of Conscience {holy, rF+ rN+
                  | rCorr}
 19239 | Gauntlet | 19239 ||| INVOKING Berserk.
 19393 | Gauntlet | Identified the +0 ring mail of the Locust {Str-5 Dex+6
                  | Slay+4}
 19498 | D:11     | 19498 ||| PLANNING D:1-11
 19581 | D:11     | 19581 ||| Stepping ~*~*~tactically~*~*~ (stealth).
 19669 | D:11     | 19669 ||| Stepping ~*~*~tactically~*~*~ (hiding).
 19681 | D:11     | 19681 ||| Stepping ~*~*~tactically~*~*~ (hiding).
 19849 | D:11     | Found a staircase to the Orcish Mines.
 19859 | D:11     | 19859 ||| Stepping ~*~*~tactically~*~*~ (hiding).
 20009 | D:11     | 20009 ||| Stepping ~*~*~tactically~*~*~ (stealth).
 20060 | D:11     | 20060 ||| Stepping ~*~*~tactically~*~*~ (hiding).
 20191 | D:11     | 20191 ||| Stepping ~*~*~tactically~*~*~ (hiding).
 20374 | D:11     | 20374 ||| Stepping ~*~*~tactically~*~*~ (stealth).
 20375 | D:11     | 20375 ||| Stepping ~*~*~tactically~*~*~ (stealth).
 20376 | D:11     | 20376 ||| Stepping ~*~*~tactically~*~*~ (stealth).
 20377 | D:11     | Noticed Snorg
 20378 | D:11     | 20378 ||| INVOKING Berserk.
 20389 | D:11     | Killed Snorg
 20552 | D:11     | 20552 ||| Stepping ~*~*~tactically~*~*~ (stealth).
 20594 | D:11     | 20594 ||| INVOKING Berserk.
 20905 | D:11     | 20905 ||| Stepping ~*~*~tactically~*~*~ (hiding).
 21102 | D:11     | 21102 ||| PLANNING D
 21102 | D:11     | 21102 ||| UPGRADING to +4 ring of protection.
 21103 | D:11     | 21103 ||| READING 8 scrolls of identify.
 21103 | D:11     | 21103 ||| IDENTIFYING bubbling grey potion
 21104 | D:11     | 21104 ||| DROPPING potion of invisibility.
 21125 | D:12     | 21125 ||| STAIRDANCE
 21137 | D:12     | 21137 ||| STAIRDANCE
 21206 | D:12     | 21206 ||| Stepping ~*~*~tactically~*~*~ (hiding).
 21208 | D:12     | 21208 ||| Stepping ~*~*~tactically~*~*~ (hiding).
 21231 | D:12     | Noticed qw's ghost (journeyman MiBe)
 21323 | D:12     | Found a transporter.
 21334 | D:12     | 21334 ||| STAIRDANCE
 21336 | D:11     | 21336 ||| READING 7 scrolls of identify.
 21336 | D:11     | 21336 ||| IDENTIFYING viscous inky potion
 21337 | D:11     | 21337 ||| DROPPING potion of berserk rage.
 21340 | D:12     | 21340 ||| STAIRDANCE
 21355 | D:12     | 21355 ||| Stepping ~*~*~tactically~*~*~ (stealth).
 21371 | D:12     | 21371 ||| Stepping ~*~*~tactically~*~*~ (stealth).
 21380 | D:12     | 21380 ||| INVOKING Brothers in Arms.
 21381 | D:12     | 21381 ||| INVOKING Brothers in Arms.
 21382 | D:12     | Found a shimmering altar of Xom.
 21383 | D:12     | 21383 ||| INVOKING Berserk.
 21524 | D:12     | Found a transporter.
 21639 | D:12     | 21639 ||| READING scroll of enchant weapon.
 21639 | D:12     | 21639 ||| ENCHANTING +3 broad axe of flaming.
 21945 | D:13     | 21945 ||| INVOKING Berserk.
 22226 | D:13     | Reached skill level 12 in Armour
 22238 | D:13     | Found a runed translucent gate.
 22239 | D:13     | Found a runed translucent gate.
 22360 | D:13     | Found a runed translucent gate.
 22360 | D:13     | Noticed OceanMan's ghost (journeyman MiFi)
 22375 | D:13     | 22375 ||| Stepping ~*~*~tactically~*~*~ (hiding).
 22376 | D:13     | 22376 ||| Stepping ~*~*~tactically~*~*~ (hiding).
 22629 | D:14     | Noticed Josephine
 22636 | D:14     | Reached XP level 15. HP: 135/135 MP: 14/14
 22640 | D:14     | Killed Josephine
 22648 | D:14     | 22648 ||| FLEEEEING.
 22649 | D:14     | 22649 ||| FLEEEEING.
 22650 | D:14     | 22650 ||| FLEEEEING.
 22651 | D:14     | 22651 ||| STAIRDANCE
 22710 | D:14     | 22710 ||| STAIRDANCE
 22777 | D:14     | Noticed Joseph
 22778 | D:14     | 22778 ||| Stepping ~*~*~tactically~*~*~ (hiding).
 22789 | D:14     | Killed Joseph
 23166 | D:14     | 23166 ||| INVOKING Trog's Hand.
 23171 | D:14     | 23171 ||| INVOKING Berserk.
 23175 | D:14     | Received a gift from Trog
 23321 | D:14     | Found a gate to the Vaults.
 23322 | D:14     | 23322 ||| INVOKING Berserk.
 23446 | D:14     | 23446 ||| Stepping ~*~*~tactically~*~*~ (hiding).
 23616 | D:14     | Found a runed translucent gate.
 23617 | D:14     | Found a runed translucent gate.
 23618 | D:14     | Found a runed translucent gate.
 23619 | D:14     | Noticed Opnastoc's ghost (journeyman MiBe)
 23823 | D:15     | Entered Level 15 of the Dungeon
 23845 | D:15     | 23845 ||| Stepping ~*~*~tactically~*~*~ (hiding).
 23858 | D:15     | Reached skill level 18 in Shields
 23959 | D:15     | 23959 ||| INVOKING Trog's Hand.
 24164 | D:15     | Identified the +1 robe of Life {rC+ Int+2 Slay+2}
 24300 | D:15     | Reached skill level 6 in Dodging
 24588 | D:15     | 24588 ||| FLEEEEING.
 24589 | D:15     | 24589 ||| FLEEEEING.
 24590 | D:15     | 24590 ||| FLEEEEING.
 24591 | D:15     | 24591 ||| FLEEEEING.
 24632 | D:15     | Found a staircase to the Depths.
 24634 | D:15     | 24634 ||| INVOKING Berserk.
 24768 | D:15     | 24768 ||| PLANNING ORC
 24874 | Orc:1    | Entered Level 1 of the Orcish Mines
 24874 | Orc:1    | Found a radiant altar of Vehumet.
 24876 | Orc:1    | 24876 ||| INVOKING Trog's Hand.
 24877 | Orc:1    | Noticed an orc warlord
 24878 | Orc:1    | 24878 ||| INVOKING Brothers in Arms.
 24879 | Orc:1    | 24879 ||| INVOKING Berserk.
 24894 | Orc:1    | Killed an orc warlord
 25127 | Orc:1    | 25127 ||| Stepping ~*~*~tactically~*~*~ (hiding).
 25289 | Orc:1    | 25289 ||| Stepping ~*~*~tactically~*~*~ (stealth).
 25292 | Orc:1    | 25292 ||| INVOKING Berserk.
 25526 | Orc:2    | Entered Level 2 of the Orcish Mines
 25610 | Orc:2    | 25610 ||| INVOKING Trog's Hand.
 25616 | Orc:2    | 25616 ||| INVOKING Berserk.
 25882 | Orc:2    | 25882 ||| INVOKING Brothers in Arms.
 25885 | Orc:2    | 25885 ||| INVOKING Berserk.
 26013 | Orc:2    | Found a staircase to the Elven Halls.
 26055 | Orc:2    | 26055 ||| INVOKING Berserk.
 26072 | Orc:2    | 26072 ||| INVOKING Brothers in Arms.
 26076 | Orc:2    | HP: 7/139 [orc knight/+0 long sword (36)]
 26076 | Orc:2    | Slain by an orc knight

Levels and vault maps discovered:
D:1:      dpeg_arrival_tiny_k, layout_loops_ring, nicolae_titane
D:2:      layout_loops_ring, dreamdust_princess_bridge,
          chequers_serial_rivers_small_a
D:3:      layout_loops_ring
D:4:      black_bear_nest_2, layout_loops_ring, nicolae_overflow_hidden_temple,
          nemelex_xobeh_ov_fountains_minmay
D:5:      layout_loops_ring, minmay_temple_entry_waves, minivault_26,
          uniq_duvessa, uniq_sigmund, uniq_crazy_yiuf_cottage, uniq_edmund,
          uniq_pikel
D:6:      layout_basic, kennysheep_mini_moat, st_stairs_1
D:7:      layout_rooms, enter_bailey_5, minmay_misc_feat_rows,
          minmay_lizard_king
D:8:      layout_loops_ring, kennysheep_dice, uniq_amaemon, uniq_prince_ribbit1
D:9:      layout_irregular_city, lair_entry_dummy, serial_shops, shop
D:10:     layout_irregular_city, gammafunk_ghost_arena, serial_shops,
          nicolae_diamond_shop
D:11:     layout_basic, orc_0_dummy, portal_ice_cave_rime, serial_ice,
          serial_ice_b, serial_ice_d, serial_ice_h, serial_ice_e,
          gauntlet_entry_generic, uniq_snorg
D:12:     layout_rooms, nzn_ghost_randoct, xom_teletrap_fun
D:13:     layout_gridville, gammafunk_ghost_split
D:14:     layout_irregular_city, grunt_vaults_entry_fortified,
          ebering_ghost_rock_garden, minmay_sticks_and_stones, uniq_josephine
D:15:     grunt_enter_depths_snipers, layout_gridville
Lair:1:   layout_loops_ring, basic_altar, serial_bayou_shore_b, uniq_urug
Lair:2:   layout_chaotic_city, guppyfry_snake_entry_garden,
          beast_lair_carwin_11, grunt_megastairs_5
Lair:3:   layout_regular_city, swamp_mist, basic_altar,
          infiniplex_staircase_pool_2
Lair:4:   cheibrodos_lair_river_kwai, layout_cave_pods,
          minmay_slime_entry_pillars, gammafunk_ghost_wrathful_warriors,
          chequers_serial_rivers_room_a, minivault_19
Lair:5:   hangedman_lair_tendril_chambers, layout_gridlike, serial_bayou_ford_a,
          tgw_fedhas
Orc:1:    nicolae_orc_accident_2, layout_caves, basic_altar
Orc:2:    st_orc_pillars, layout_diamond_mine

Skill      XL: |  1  2  3  4  5  6  7  8  9 10 11 12 13 14 15 |
---------------+----------------------------------------------+-----
Axes           | 4 5 6 8 9 11 12 14 16 18 | 18.0
Throwing       | 1 3 4 5 7 |  7.0
Fighting       | 4 5 6 7 8 9 11 13 14 | 14.7
Armour         | 6 8 10 12 13 | 13.0
Shields        | 8 10 13 15 17 18 | 18.0
Dodging        | 3 4 5 6 |  6.0

Action                   |  1- 3 |  4- 6 |  7- 9 | 10-12 | 13-15 || total
-------------------------+-------+-------+-------+-------+-------++-------
Melee: Hand axe          |    78 |   117 |   214 |    34 |       ||   443
       Headbutt          |    10 |    12 |    49 |    45 |   160 ||   276
       Punch             |       |     1 |       |       |       ||     1
       Broad axe         |       |       |       |   225 |   799 ||  1024
Throw: Javelin           |       |    17 |    11 |    10 |   116 ||   154
       Boomerang         |       |     1 |    17 |    12 |    14 ||    44
Invok: Berserk           |       |     4 |    12 |    15 |    28 ||    59
       Brothers in Arms  |       |       |       |       |     7 ||     7
       Trog's Hand       |       |       |       |       |     4 ||     4
  Use: Scroll            |     6 |     5 |     2 |    11 |     9 ||    33
       Potion            |       |     1 |     3 |     2 |     3 ||     9
 Stab: Petrified         |       |       |       |       |     2 ||     2
Armor: Animal skin       |     6 |       |       |       |       ||     6
       Chain mail        |    15 |    35 |    87 |    51 |       ||   188
       Plate armour      |       |       |       |    28 |   265 ||   293
Dodge: Dodged            |    32 |    43 |    76 |    78 |   138 ||   367
Block: Kite shield       |       |       |    52 |   131 |       ||   183
       Tower shield      |       |       |       |     8 |   704 ||   712

Table legend:
 A = Non-vault XP
 B = Vault XP
 C = Vault XP percentage of total XP
 D = Non-vault monster count
 E = Vault monster count
 F = Vault count percentage of total count
                 A         B        C        D         E       F
            +---------+---------+-------+---------+---------+-------
      Total |   77641 |   38667 |  33.2 |     471 |     150 |  24.2
            +---------+---------+-------+---------+---------+-------
        D:1 |      44 |       0 |   0.0 |      27 |       0 |   0.0
        D:2 |     114 |       0 |   0.0 |      28 |       0 |   0.0
        D:3 |      62 |       0 |   0.0 |      16 |       0 |   0.0
        D:4 |     506 |     124 |  19.7 |      21 |       1 |   4.5
        D:5 |     425 |    1194 |  73.7 |       6 |       5 |  45.5
        D:6 |    1069 |     206 |  16.2 |      26 |       2 |   7.1
        D:7 |    2151 |     467 |  17.8 |      32 |      11 |  25.6
        D:8 |    1747 |    1549 |  47.0 |      20 |       4 |  16.7
        D:9 |    2578 |       0 |   0.0 |      25 |       0 |   0.0
       D:10 |    2042 |       0 |   0.0 |      25 |       0 |   0.0
       D:11 |    8308 |    2531 |  23.4 |      39 |      11 |  22.0
       D:12 |    5452 |       0 |   0.0 |      16 |       0 |   0.0
       D:13 |    5937 |       0 |   0.0 |      17 |       0 |   0.0
       D:14 |    3689 |    8678 |  70.2 |       7 |      16 |  69.6
       D:15 |    5455 |    2674 |  32.9 |       9 |       3 |  25.0
     Lair:1 |    8400 |     798 |   8.7 |      21 |       1 |   4.5
     Lair:2 |    4110 |    1358 |  24.8 |      21 |       7 |  25.0
     Lair:3 |    6120 |       0 |   0.0 |      27 |       0 |   0.0
     Lair:4 |    5967 |    3229 |  35.1 |      23 |      11 |  32.4
     Lair:5 |    6680 |   10569 |  61.3 |      21 |      37 |  63.8
      Orc:1 |    2521 |     820 |  24.5 |      16 |       5 |  23.8
      Orc:2 |    4264 |    1476 |  25.7 |      28 |      27 |  49.1
   Gauntlet |       0 |    2994 | 100.0 |       0 |       9 | 100.0
            +---------+---------+-------+---------+---------+-------
